Map: Orbital Shipyard

Players

Blade - Winner!

  • Race: Zerg Zerg
  • League: Master

HoSiTamTam

  • Race: Protoss Protoss
  • League: Master

VOD

Have the link to the VOD?

Description

Time

  • Played on: Dec. 21, 2015, 11:37 p.m.
  • Length: 12:42
Show
View Real Time Build Order
Export as new Build Order

Blade Zerg - Winner!

Build Orders: Hatch First, Lurkers 

Get SALT Encoding   

  12  0:00  Drone  
  13  0:14  Overlord  
  13  0:18  Drone  
  14  0:34  Drone x2  
  16  0:40  Drone  
  17  0:49  Drone  
  18  1:02  Hatchery  
  17  1:06  Drone  
  18  1:16  Extractor  
  18  1:17  Drone  
  18  1:23  Spawning Pool  
  17  1:27  Drone  
  18  1:38  Drone  
  19  1:46  Drone  
  20  1:54  Overlord  
  20  2:10  Queen  
  20  2:14  Queen  
  20  2:15  Zergling x4  
  26  2:19  Metabolic Boost  
  26  2:21  Drone  
  27  2:25  Drone  
  27  2:26  Drone  
  29  2:40  Drone  
  29  2:41  Drone  
  31  2:49  Drone  
  32  2:51  Overlord  
  32  2:58  Hatchery  
  31  2:59  Zergling x2  
  31  3:00  Zergling x2  
  33  3:09  Drone x2  
  33  3:10  Queen  
  37  3:18  Drone x2  
  39  3:21  Overlord  
  39  3:23  Overlord  
  39  3:25  Drone x2  
  39  3:26  Drone  
  42  3:32  Drone  
  43  3:37  Roach Warren  
  43  3:38  Drone x2  
  44  3:46  Spore Crawler x2  
  44  3:47  Drone  
  42  3:52  Drone x2  
  44  3:57  Drone  
  44  3:58  Extractor, Drone x2  
  44  3:59  Drone  
  47  4:05  Drone  
  48  4:10  Queen  
  48  4:11  Drone  
  48  4:16  Drone  
  52  4:19  Overlord, Spore Crawler  
  52  4:22  Overlord, Spore Crawler  
  50  4:29  Lair  
  50  4:35  Overlord  
  50  4:40  Drone x3, Evolution Chamber  
  50  4:42  Evolution Chamber  
  50  4:44  Drone x2  
  53  4:46  Drone  
  53  4:51  Drone x3  
  57  4:56  Drone x3  
  61  5:00  Drone x2  
  61  5:03  Spore Crawler  
  61  5:06  Overlord  
  61  5:07  Drone  
  61  5:08  Extractor  
  61  5:18  Spore Crawler, Drone  
  61  5:19  Drone x5  
  66  5:22  Zerg Melee Weapons Level 1  
  66  5:23  Extractor  
  66  5:27  Zerg Ground Armor Level 1  
  65  5:29  Drone x2  
  65  5:35  Drone x5  
  72  5:43  Hydralisk Den  
  72  5:49  Spore Crawler  
  70  5:50  Drone x2  
  70  5:53  Extractor, Drone x2  
  70  5:54  Drone  
  70  5:55  Extractor, Drone  
  74  5:57  Overlord  
  74  5:58  Overlord  
  74  5:59  Glial Reconstitution  
  74  6:17  Hydralisk x3, Muscular Augments  
  79  6:22  Hydralisk  
  81  6:31  Zergling x18  
  90  6:35  Overlord x2  
  90  6:37  Overlord  
  90  6:40  Spore Crawler  
  90  6:46  Drone  
  90  6:53  Overlord x2  
  86  7:01  Hydralisk  
  86  7:02  Hydralisk x5  
  93  7:12  Hydralisk x6  
  93  7:14  Queen  
  103  7:23  Drone x5  
  103  7:24  Drone  
  109  7:31  Hydralisk x3  
  110  7:38  Hydralisk x2  
  110  7:40  Lurker Den  
  114  7:46  Hydralisk  
  114  7:47  Hydralisk  
  114  7:49  Overseer  
  118  7:51  Hatchery  
  118  7:58  Zergling x2  
  118  7:59  Zergling x2  
  118  8:00  Overlord x2  
  118  8:03  Zerg Ground Armor Level 2  
  118  8:04  Baneling Nest  
  118  8:06  Zerg Melee Weapons Level 2  
  118  8:10  Zergling x8  
  121  8:23  Infestation Pit  
  120  8:28  Roach x8  
  120  8:30  Zergling x2  
  120  8:31  Overlord x3  
  137  8:50  Ravager x3  
  137  8:54  Centrifical Hooks  
  140  8:57  Zergling x14  
  140  8:58  Zergling x10  
  140  9:00  Hive  
  152  9:05  Extractor  
  152  9:08  Drone x2  
  152  9:09  Drone x3  
  156  9:12  Extractor  
  156  9:13  Baneling x7  
  156  9:14  Baneling x3  
  156  9:15  Baneling  
  156  9:16  Baneling  
  154  9:22  Zergling x2  
  154  9:23  Zergling x12  
  161  9:26  Baneling  
  161  9:27  Baneling x5  
  156  9:44  Zergling x2  
  156  9:45  Zergling x16  
  132  9:55  Queen  
  132  9:58  Zergling x4  
  132  9:59  Zergling x10  
  129  10:06  Spine Crawler x2, Drone x3  
  124  10:07  Spore Crawler  
  124  10:14  Lurker x5  
  123  10:18  Drone x2  
  123  10:19  Drone x5  
  132  10:26  Drone x3  
  135  10:30  Spine Crawler  
  135  10:34  Overseer  
  134  10:40  Ultralisk Cavern  
  134  10:42  Zergling x8  
  137  10:59  Hydralisk x4  
  137  11:00  Hydralisk x3  
  134  11:29  Ultralisk  
  134  11:30  Ultralisk  
  134  11:31  Zergling x6  
  149  11:36  Zergling x8  
  149  11:37  Hatchery  
  150  11:44  Zergling x12  
  145  11:48  Zergling x6  
  138  11:59  Ultralisk  
  138  12:01  Zergling x4  
  139  12:02  Zergling x8  
Show
View Real Time Build Order
Export as new Build Order

HoSiTamTam Protoss 

Build Orders: 1 Gate Expand, Phoenix Opening 

Get SALT Encoding   

  12  0:00  Probe (Chrono Boost)  
  13  0:11  Probe (Chrono Boost)  
  14  0:17  Pylon  
  14  0:22  Probe (Chrono Boost)  
  16  0:35  Probe (Chrono Boost)  
  16  0:38  Gateway  
  16  0:46  Probe (Chrono Boost)  
  16  0:48  Assimilator  
  17  0:56  Probe (Chrono Boost)  
  18  1:07  Probe (Chrono Boost)  
  20  1:23  Nexus  
  20  1:25  Probe (Chrono Boost)  
  20  1:36  Cybernetics Core  
  20  1:39  Probe (Chrono Boost)  
  21  1:45  Assimilator  
  21  1:50  Probe (Chrono Boost)  
  22  1:55  Pylon  
  22  2:02  Probe (Chrono Boost)  
  23  2:14  Warp Gate, Zealot (Chrono Boost)  
  26  2:18  Mothership Core (Chrono Boost)  
  27  2:33  Probe  
  28  2:37  Probe  
  28  2:43  Probe  
  29  2:45  Stargate  
  29  2:49  Probe  
  31  2:54  Probe  
  31  2:55  Stalker (Chrono Boost)  
  34  3:01  Probe  
  34  3:04  Probe, Assimilator  
  35  3:07  Assimilator  
  36  3:13  Probe  
  36  3:15  Probe  
  36  3:17  Pylon  
  38  3:24  Stalker (Chrono Boost)  
  38  3:25  Probe x2  
  44  3:35  Phoenix (Chrono Boost)  
  44  3:41  Probe  
  45  3:42  Probe  
  46  3:48  Twilight Council  
  46  3:53  Probe  
  46  3:54  Probe  
  48  3:58  Phoenix (Chrono Boost)  
  50  4:05  Probe  
  50  4:06  Probe  
  52  4:17  Probe, Pylon  
  52  4:18  Probe  
  52  4:20  Pylon  
  54  4:33  Phoenix (Chrono Boost)  
  54  4:35  Probe x2  
  58  4:38  Resonating Glaives (Chrono Boost)  
  58  4:44  Nexus  
  58  4:48  Pylon, Sentry  
  60  4:54  Phoenix  
  60  4:55  Probe  
  63  5:08  Gateway  
  63  5:09  Probe  
  63  5:11  Gateway  
  64  5:15  Phoenix  
  64  5:16  Probe  
  64  5:21  Probe  
  68  5:25  Robotics Facility  
  68  5:28  Probe  
  69  5:33  Probe  
  70  5:40  Gateway  
  70  5:41  Gateway  
  70  5:43  Sentry  
  70  5:45  Pylon  
  70  5:47  Phoenix  
  70  5:48  Pylon  
  72  5:54  Probe  
  75  6:02  Probe  
  75  6:03  Probe  
  77  6:17  Observer  
  77  6:18  Probe x2  
  79  6:23  Probe, Gateway  
  79  6:24  Blink (Chrono Boost)  
  79  6:25  Gateway  
  81  6:28  Gateway  
  81  6:30  Probe  
  81  6:32  Forge  
  82  6:33  Gateway  
  82  6:41  Observer  
  82  6:43  Adept x2  
  82  6:44  Adept x2  
  91  6:55  Probe, Adept  
  91  6:57  Probe x2  
  91  6:59  Pylon  
  96  7:02  Immortal  
  96  7:03  Pylon  
  98  7:12  Probe x2  
  100  7:21  Probe  
  101  7:25  Adept x5  
  111  7:35  Probe  
  111  7:37  Adept x3  
  114  7:38  Immortal  
  114  7:39  Protoss Ground Weapons Level 1 (Chrono Boost)  
  122  7:46  Adept  
  122  7:50  Assimilator  
  124  7:53  Pylon  
  124  7:54  Pylon  
  124  7:55  Pylon, Assimilator  
  124  7:58  Charge  
  124  8:12  Warp Prism  
  124  8:16  Adept x3  
  124  8:17  Adept x6  
  144  8:23  Probe  
  144  8:26  Templar Archives  
  145  8:27  Dark Shrine  
  145  8:38  Zealot  
  147  8:46  Robotics Facility  
  147  8:48  Pylon  
  147  8:54  Adept  
  149  9:00  Nexus  
  149  9:02  Pylon  
  149  9:03  Pylon  
  149  9:04  Pylon  
  149  9:05  Pylon  
  149  9:07  Pylon  
  149  9:09  Robotics Bay  
  147  9:27  Adept x5  
  147  9:28  Adept x4  
  131  9:49  Probe  
  112  9:53  Probe  
  112  9:54  Immortal (Chrono Boost)  
  112  9:55  Stalker x3  
  112  9:56  Stalker x6  
  112  9:58  Colossus (Chrono Boost)  
  117  10:00  Protoss Ground Weapons Level 2 (Chrono Boost)  
  117  10:01  Probe  
  117  10:04  Gateway  
  117  10:05  Gateway  
  122  10:07  Gateway  
  122  10:11  Assimilator  
  122  10:14  Psionic Storm  
  108  10:16  Assimilator  
  108  10:20  Photon Cannon  
  108  10:21  Sentry  
  108  10:22  Sentry  
  112  10:35  Photon Cannon  
  112  10:47  Colossus  
  112  10:48  Adept x3  
  112  10:49  Adept  
  120  10:50  Disruptor  
  117  11:16  Adept x2  
  117  11:17  Adept, Stalker x2  
  117  11:18  Stalker x2  
  117  11:24  Observer  
  100  11:50  Immortal x2  
  100  11:52  Stalker x5  
  100  11:53  Stalker  
  106  12:06  Pylon  
  103  12:08  Pylon  
  100  12:19  Adept x4  
  100  12:20  Adept  
  90  12:26  Adept  
  90  12:29  Stalker  
  91  12:30  Stalker  
  91  12:31  Stalker  
Tags
 
Add a new tag
Caveats
  • Supply blocks, unpowered buildings, or Contaminate may cause inaccurate times.
  • Supply counts are checked every 10 seconds.